 Dungeon Crawl Stone Soup version 0.28-a0-861-ge64d6db94f (webtiles) character file.

Game seed: 16207405648457245719

141 bande the Covered (level 5, 0/33 HPs)
             Began as a Gargoyle Fighter on Nov 16, 2021.
             Slain by an ogre (9 damage)
             ... on level 4 of the Dungeon.
             The game lasted 00:05:27 (3790 turns).

bande the Covered (Gargoyle Fighter)                Turns: 3790, Time: 00:05:27

Health: 0/33       AC: 11    Str: 20    XL:     5   Next: 24%
Magic:  5/5        EV:  9    Int:  9    God:
Gold:   190        SH:  4    Dex:  9    Spells: 4/4 levels left

rFire   . . .      SeeInvis .   o - +0 war axe (elec)
rCold   . . .      Faith    .   c - +0 buckler
rNeg    + . .      Spirit   .   b - +0 scale mail
rPois   ∞          Reflect  .   (no helmet)
rElec   +          Harm     .   (no cloak)
rCorr   .          Rampage  .   (no gloves)
Will    .....                   (no boots)
Stlth   ..........              (no amulet)
HPRegen 0.11/turn               n - +4 ring of slaying
MPRegen 0.09/turn               (no ring)

@: no status effects
A: sickness immunity, AC +4, negative energy resistance 1, electricity
resistance, torment resistance 1, petrification resistance
a: no special abilities


You were on level 4 of the Dungeon.
You visited 1 branch of the dungeon, and saw 4 of its levels.

You collected 190 gold pieces.

Inventory:

Hand Weapons
 a - a +1 war axe
 f - a +0 morningstar
 h - a +1 vorpal flail
 o - a +0 war axe of electrocution (weapon)
Armour
 b - a +0 scale mail (worn)
 c - a +0 buckler (worn)
Jewellery
 g - an amulet of magic regeneration
 n - a +4 ring of slaying (left hand)
Potions
 d - a potion of might
 e - a potion of invisibility
 i - a potion of brilliance
 j - a potion of haste
 k - a potion of attraction {unknown}
 l - a potion of heal wounds
 m - a potion of curing {unknown}


   Skills:
 + Level 4.0 Fighting
 + Level 3.4 Axes
 + Level 4.2 Armour
 + Level 3.7 Shields


You had 4 spell levels left.
You didn't know any spells.
Your spell library contained the following spells:

 Spells                   Type           Power      Damage    Failure   Level
 Iskenderun's Mystic Bla  Conj/Tloc      0%         2d3       100%        4
 Spellforged Servitor     Conj/Summ      0%         N/A       100%        7
 Disjunction              Tloc           0%         N/A       100%        8


Dungeon Overview and Level Annotations

Branches:
Dungeon (4/15)
 Temple: D:4-7

Altars:

Shops:
D:1 (


Innate Abilities, Weirdness & Mutations

You are immune to sickness and miasma.
Your stone body is resilient. (AC +4)
You are immune to poison.
You resist negative energy. (rN+)
You are resistant to electric shocks. (rElec)
You are resistant to unholy torment.
You are immune to petrification.


Message History

You slash the adder!
The adder is almost dead.
The adder bites you.
You closely miss the adder.
The adder is almost dead.
You block the adder's attack. The adder barely misses you.
You slash the adder!
You kill the adder!
No target in view!
No target in view!
No target in view!
No target in view!
No target in view!
You now have 176 gold pieces (gained 7).
k - a fuming emerald potion
Found a short sword.
No target in view!
m - a puce potion You now have 190 gold pieces (gained 14).
Found a translucent leather armour.
No target in view!
You see here the +5 leather armour "Ureriale" {Regen+}.
An ogre comes into view. It is wielding a +0 giant spiked club.
The ogre shouts!
A worm comes into view.
Found a pair of gloves.
The ogre hits you with a +0 giant spiked club!
You slash the ogre!
The ogre is heavily wounded.
The ogre closely misses you.
You slash the ogre!
The ogre is severely wounded.
The ogre hits you with a +0 giant spiked club!
Ouch! That really hurt!
* * * LOW HITPOINT WARNING * * *
You hit the ogre.
The ogre is severely wounded.
You slash the worm!
The ogre hits you with a +0 giant spiked club!
You die...

.# #.####..#
.#####.#.....# ...
.##......##.## ..###
.##.##...##.#######.....
.##.##....#.##.......#..
.##.###....[.........[.#
....###.....#........#
#.......#...........####
.
#.#..##.........@.......
.
........####....wO..####
##. ........#
###..........##..#
....###.#
#....$.......... ##
....# ..#
......###........##.
....# .. #......#
........... ....#
..##.#####.......###.
.#### ..........#
#......... .# .........
...##....


You could see an ogre and a worm.

Vanquished Creatures
  3 adders (D:4)
  3 worms
  3 dart slugs
  6 orcs
  4 endoplasms
  A giant cockroach (D:1)
  6 goblins
  7 hobgoblins
  2 jackals (D:1)
  8 kobolds
  7 quokkas
  4 ball pythons
  5 bats
  6 frilled lizards
  30 rats
  A spectral goblin (D:3)
96 creatures vanquished.

Vanquished Creatures (collateral kills)
  A kobold (D:2)
1 creature vanquished.

Vanquished Creatures (others)
  A hobgoblin (D:1)
  2 plants (D:3)
3 creatures vanquished.

Grand Total: 100 creatures vanquished

Notes
Turn   | Place    | Note
-------+----------+-------------------------------------------
     0 | D:1      | bande the Gargoyle Fighter began the quest for the Orb.
     0 | D:1      | Reached XP level 1. HP: 14/14 MP: 1/1
    13 | D:1      | Found Zamaulia's Antique Weapon Boutique.
    86 | D:1      | Reached XP level 2. HP: 13/19 MP: 2/2
   532 | D:1      | You fall into a shaft and drop 1 floor!
   601 | D:1      | Reached XP level 3. HP: 19/23 MP: 3/3
  1293 | D:1      | Got the Compendium of Creation and Displacement
  2252 | D:2      | Reached XP level 4. HP: 28/29 MP: 4/4
  3374 | D:3      | Found a faded altar of an unknown god.
  3568 | D:4      | Reached XP level 5. HP: 33/33 MP: 5/5
  3782 | D:4      | Identified the +5 leather armour "Ureriale" {Regen+}
  3784 | D:4      | Noticed an ogre
  3790 | D:4      | Slain by an ogre

Illustrated notes

Levels and vault maps discovered:
D:1:      beargit_arrival_greenhouse, layout_loops_ring, serial_shops,
          nicolae_shop_trees, st_stairs_11
D:2:      layout_basic, chequers_arboretum, minmay_rat_hole
D:3:      layout_basic, dreamdust_ecumenical_altar_drowned_temple,
          serial_bayou_pond_c
D:4:      layout_rooms

Skill      XL: |  1  2  3  4 |
---------------+-------------+-----
Axes           | 2 3 |  3.4
Armour         | 4 |  4.2
Fighting       | 4 |  4.0
Shields        | |  3.7

Action                   |  1- 3 |  4- 6 || total
-------------------------+-------+-------++-------
Melee: War axe           |   118 |   108 ||   226
  Use: Scroll            |       |     9 ||     9
Armor: Scale mail        |    87 |    58 ||   145
Dodge: Dodged            |    61 |    49 ||   110
Block: Buckler           |    28 |    27 ||    55

Table legend: (Time is in decaauts)
 A = Elapsed time spent in this place.
 B = Non-inter-level travel time spent in this place.
 C = Inter-level travel time spent in this place.
 D = Time resting spent in this place.
 E = Time spent auto-exploring this place.
 F = Levels seen in this place.
 G = Mean time per level.
                   A        B        C        D        E       F      G
               +--------+--------+--------+--------+--------+-----+--------+
         Total |   3890 |   3874 |     16 |   1187 |   1963 |   4 |  972.5 |
       Dungeon |   3890 |   3874 |     16 |   1187 |   1963 |   4 |  972.5 |
               +--------+--------+--------+--------+--------+-----+--------+

Top non-repeatable levels by time:
     D:1: 2065 daAuts
     D:2: 910 daAuts
     D:3: 609 daAuts
     D:4: 305 daAuts
